Unix NetHack Version 5.0.0-0 post-release - last build May  4 2026 22:22:43 (774f63e81ad911689b3a0859ea89b322d5daca8d,branch:main).

Game began 2026-05-05 07:51:57, ended 2026-05-05 08:09:15.

01245990302, chaotic female orcish Wizard

               G
              ..---
              h@.<|
              ....-
                 f

              G

01245990302 the Evoker    St:11 Dx:15 Co:14 In:15 Wi:10 Ch:10  Chaotic
Dlvl:3  $:22 HP:0(13) Pw:12(12) AC:9  Xp:2 T:938 

Latest messages:
 You swap places with your kitten.
 You hear the splashing of a naiad.
 The door opens.
 You stop.  Your kitten is in the way!
 You swap places with your kitten.
 You swap places with your kitten.
 You try to move the boulder, but in vain.
 You try to move the boulder, but in vain.
 You try to move the boulder, but in vain.
 You try to move the boulder, but in vain.
 You try to move the boulder, but in vain.
 You stop.  Your kitten is in the way!
 You swap places with your kitten.
 You see here a kobold corpse.
 You swap places with your kitten.
 With great effort you move the boulder.
 You try to move the boulder, but in vain.
 You try to move the boulder, but in vain.
 You try to move the boulder, but in vain.
 Double run prefix, canceled.
 You swap places with your kitten.
 You try to move the boulder, but in vain.
 You try to move the boulder, but in vain.
 You swap places with your kitten.
 You kill the yellow mold!
 The kitten picks up a brilliant blue potion.
 You stop.  Your kitten is in the way!
 You swap places with your kitten.
 The kitten drops a brilliant blue potion.
 You see here a fox corpse.
 The kitten drops a brilliant blue potion.
 You swap places with your kitten.
 You swap places with your kitten.
 You see here a brilliant blue potion.
 t - a brilliant blue potion.
 You descend the stairs.
 You hear an E flat squeak in the distance.
 The dwarf wields a broad short sword!
 You miss the dwarf.
 The dwarf thrusts his broad short sword.
 The dwarf hits!
 You hit the dwarf.
 The dwarf thrusts his broad short sword.
 The dwarf hits!
 You die...
 Do you want your possessions identified? [ynq] (y) y
 Do you want to see your attributes? [ynq] (y) y
 Do you want an account of creatures vanquished? [ynaq] (y) y
 Do you want to see your conduct and achievements? [ynq] (y) y
 Do you want to see the dungeon overview? [ynq] (y) y

Inventory:
 Coins    ('$')
  $ - 22 gold pieces
 Weapons  (')')
  q - 7 +0 darts
  p - a cursed -2 orcish dagger
  a - a blessed +1 quarterstaff (weapon in hands)
 Armor    ('[')
  b - an uncursed +0 cloak of magic resistance (being worn)
 Comestibles  ('%')
  s - 2 uncursed slime molds
  n - 2 uncursed food rations
 Scrolls  ('?')
  i - an uncursed scroll of identify
  h - 2 uncursed scrolls of light
 Spellbooks  ('+')
  j - a blessed spellbook of force bolt
  k - an uncursed spellbook of healing
 Potions  ('!')
  t - an uncursed potion of enlightenment
  g - an uncursed potion of gain energy
  f - 2 uncursed potions of paralysis
 Rings    ('=')
  d - an uncursed +1 ring of protection
  e - an uncursed ring of slow digestion
 Wands    ('/')
  c - a wand of speed monster (0:5)
 Tools    ('(')
  l - a magic marker (0:20)
 Gems/Stones  ('*')
  o - an uncursed worthless piece of green glass
  r - an uncursed worthless piece of yellowish brown glass

01245990302 the Wizard's attributes:

Background:
 You were an Evoker, a level 2 female orcish Wizard.
 You were chaotic, on a mission for Anhur
 who was opposed by Ptah (lawful) and Thoth (neutral).
 You were right-handed.
 You were in the Gnomish Mines, on level 3.
 You entered the dungeon 938 turns ago.
 You had 31 experience points, 9 more were needed to attain level 3.

Basics:
 You had 0 out of 13 hit points.
 You had all 12 energy points (spell power).
 Your armor class was 9.
 Your wallet contained 22 zorkmids.
 Autopickup was off.

Final Characteristics:
 Your strength was 11 (limit:18/50).
 Your dexterity was 15 (limit:18).
 Your constitution was 14 (limit:18).
 Your intelligence was 15 (limit:16).
 Your wisdom was 10 (limit:16).
 Your charisma was 10 (limit:16).

Final Status:
 You weren't hungry.
 You were unencumbered.
 You were wielding a quarterstaff.
 You had basic skill with quarterstaff.

Final Attributes:
 You were devoutly aligned.
 You were magic-protected.
 You were poison resistant.
 You had infravision.
 You were warded.
 You are dead.

Miscellaneous:
 You didn't encounter any bones levels.
 Total elapsed playing time was 17 minutes and 14 seconds.

Major events:
 Turn
    1: 01245990302 the chaotic female orcish Wizard entered the dungeon
  934: entered the Gnomish Mines
  938: killed by a dwarf

Spells:
 Name                 Level Category     Fail Retention
 force bolt             1   attack         0%  91%-100%
 healing                1   healing        0%  76%-100%

Skills:
 Fighting Skills
   bare handed combat [Unskilled]
   riding             [Unskilled]
 Weapon Skills
   dagger             [Unskilled]
   knife              [Unskilled]
   axe                [Unskilled]
   short sword        [Unskilled]
   club               [Unskilled]
   mace               [Unskilled]
   quarterstaff       [Basic]
   polearms           [Unskilled]
   spear              [Unskilled]
   trident            [Unskilled]
   sling              [Unskilled]
   dart               [Unskilled]
   shuriken           [Unskilled]
 Spellcasting Skills
   attack spells      [Basic]
   healing spells     [Unskilled]
   divination spells  [Unskilled]
   enchantment spells [Basic]
   clerical spells    [Unskilled]
   escape spells      [Unskilled]
   matter spells      [Unskilled]

Voluntary challenges:
 Character rerolling was not enabled.
 You were vegetarian.
 You were an atheist.
 You were illiterate.
 You never genocided any monsters.
 You never polymorphed an object.
 You never changed form.
 You used no wishes.
Achievement:
 You entered the Gnomish Mines.

 The Dungeons of Doom: levels 1 to 2
    Level 1:
    Level 2:
       A fountain.
       Stairs down to The Gnomish Mines.
 The Gnomish Mines:
    Level 3: <- You were here.
       Final resting place for
          you, killed by a dwarf.


Vanquished creatures:
  a yellow mold
  2 jackals
  2 foxes
  a kobold
  a goblin
  a sewer rat
  4 grid bugs
  2 lichens
  a kobold zombie
  7 newts
22 creatures vanquished.

No species were genocided or became extinct.

Game over:
                       ----------
                      /          \
                     /    REST    \
                    /      IN      \
                   /     PEACE      \
                  /                  \
                  |   01245990302    |
                  |      22 Au       |
                  |   killed by a    |
                  |      dwarf       |
                  |                  |
                  |                  |
                  |       2026       |
                 *|     *  *  *      | *
        _________)/\\_//(\/(/\)/\//\/|_)_______

Goodbye 01245990302 the Wizard...

You died in The Gnomish Mines on dungeon level 3 with 244 points,
and 22 pieces of gold, after 938 moves.
You were level 2 with a maximum of 13 hit points when you died.

